| TOP OF THE 1ST |
|
Detroit (APP) Tigers batting - Pitching for Pulaski Yankees : RHP Zack Young
|
|
Pitching: RHP Zack Young
|
|
|
Batting: LHB Timotheus Young
|
0-0: Fly out, F9 (Flyball, 89D, EV 96.2 MPH)
|
|
Batting: RHB Kevin Steed
|
0-0: Foul Ball, location: 2F 0-1: Ball 1-1: Called Strike 1-2: Ball 2-2: Strikes out looking
|
|
Batting: RHB Ernst Meloche
|
0-0: Called Strike 0-1: Ball 1-1: Ball 2-1: Ball 3-1: Called Strike 3-2: Foul Ball, location: 2F 3-2: Base on Balls
|
|
Batting: RHB Norm Wood
|
0-0: Ball 1-0: Ball Wild Pitch! Ernst Meloche to second 2-0: Fly out, F7 (Flyball, 7, EV 90.0 MPH)
|
| Top of the 1st over - 0 runs, 0 hits, 0 errors, 1 left on base; Detroit (APP) 0 - Pulaski 0 |
| BOTTOM OF THE 1ST |
|
Pulaski Yankees batting - Pitching for Detroit (APP) Tigers : RHP Kyle Moore
|
|
Pitching: RHP Kyle Moore
|
|
|
Batting: RHB Ken Stair
|
0-0: Swinging Strike 0-1: Called Strike 0-2: Ball 1-2: Strikes out swinging, 2-3 out at first.
|
|
Batting: LHB Justin Short
|
0-0: Ball 1-0: Ball 2-0: Ball 3-0: Base on Balls
|
|
Batting: LHB Chris Viehman
|
0-0: Ball 1-0: Ball 2-0: Fielders Choice at 2nd, 1-4 (Groundball, 15, EV 72.5 MPH)
|
|
Batting: RHB Yasuoka Tsuda
|
0-0: Foul Ball, location: 2F 0-1: Ball 1-1: Ball 2-1: Ball 3-1: Fly out, F7 (Flyball, 7S, EV 85.0 MPH)
|
| Bottom of the 1st over - 0 runs, 0 hits, 0 errors, 1 left on base; Detroit (APP) 0 - Pulaski 0 |
| TOP OF THE 2ND |
|
Detroit (APP) Tigers batting - Pitching for Pulaski Yankees : RHP Zack Young
|
|
Batting: RHB Nate Dabney
|
0-0: Ball 1-0: DOUBLE (Line Drive, 9LM, EV 101.9 MPH)
|
|
Batting: SHB Ronnie Lundy
|
0-0: Ground out 6-3 (Groundball, 6M, EV 82.5 MPH) Nate Dabney to third
|
|
Batting: LHB Glen Boyle
|
0-0: Ground out 4-3 (Groundball, 4, EV 110.0 MPH) Nate Dabney scores
|
|
Batting: RHB George Sonier
|
0-0: Ball 1-0: Ball 2-0: Ball 3-0: Ground out 6-3 (Groundball, 6, EV 93.1 MPH)
|
| Top of the 2nd over - 1 run, 1 hit, 0 errors, 0 left on base; Detroit (APP) 1 - Pulaski 0 |
| BOTTOM OF THE 2ND |
|
Pulaski Yankees batting - Pitching for Detroit (APP) Tigers : RHP Kyle Moore
|
|
Batting: RHB Michael Patterson
|
0-0: Ball 1-0: Called Strike 1-1: Ball 2-1: Foul Ball, location: 2F 2-2: SINGLE (Groundball, 6D, EV 98.1 MPH)
|
|
Batting: SHB Dylan Best
|
0-0: Called Strike 0-1: Ball 1-1: Called Strike 1-2: Fielders Choice at 2nd, 3-6 (Groundball, 3, EV 86.9 MPH)
|
|
Batting: LHB Troy Jones
|
0-0: Foul Ball, location: 2F 0-1: Ball 1-1: TRIPLE (Flyball, 89XD, EV 108.8 MPH) Dylan Best scores
|
|
Batting: RHB Victor Garcia
|
0-0: Ball 1-0: Called Strike 1-1: Swinging Strike 1-2: Foul Ball, location: 2F 1-2: Foul Ball, location: 2F 1-2: Strikes out swinging
|
|
Batting: RHB Mustafa bin Gamali
|
0-0: Ball 1-0: Called Strike 1-1: Ball 2-1: Foul Ball, location: 2F 2-2: Ball 3-2: SINGLE (Groundball, 6MD, EV 105.0 MPH) Troy Jones scores
|
|
Batting: RHB Ken Stair
|
0-0: Ball 1-0: Ball 2-0: Ground out 5-3 (Groundball, 56S, EV 63.1 MPH)
|
| Bottom of the 2nd over - 2 runs, 3 hits, 0 errors, 1 left on base; Detroit (APP) 1 - Pulaski 2 |
| TOP OF THE 3RD |
|
Detroit (APP) Tigers batting - Pitching for Pulaski Yankees : RHP Zack Young
|
|
Batting: SHB Salvador Lacosta
|
0-0: Ball 1-0: Called Strike 1-1: Ball 2-1: Ball 3-1: Called Strike 3-2: Base on Balls
|
|
Batting: LHB Timotheus Young
|
0-0: Called Strike 0-1: Called Strike 0-2: Strikes out swinging
|
|
Batting: RHB Kevin Steed
|
0-0: Ball 1-0: Reached on error, E6 (Groundball, 6, EV 84.4 MPH) Salvador Lacosta to second
|
|
Batting: RHB Ernst Meloche
|
0-0: Fly out, F9 (Flyball, 9, EV 93.8 MPH)
|
|
Batting: RHB Norm Wood
|
0-0: Swinging Strike 0-1: Fielders Choice at 2nd, 5-4 (Groundball, 5, EV 86.9 MPH)
|
| Top of the 3rd over - 0 runs, 0 hits, 1 error, 2 left on base; Detroit (APP) 1 - Pulaski 2 |
| BOTTOM OF THE 3RD |
|
Pulaski Yankees batting - Pitching for Detroit (APP) Tigers : RHP Kyle Moore
|
|
Batting: LHB Justin Short
|
0-0: Ball 1-0: Ball 2-0: Ball 3-0: Swinging Strike 3-1: Swinging Strike 3-2: Strikes out swinging
|
|
Batting: LHB Chris Viehman
|
0-0: Called Strike 0-1: Foul Ball, location: 2F 0-2: Ball 1-2: Ball 2-2: Strikes out looking
|
|
Batting: RHB Yasuoka Tsuda
|
0-0: Called Strike 0-1: Called Strike 0-2: Ball 1-2: Foul Ball, location: 2F 1-2: Ball 2-2: Ball 3-2: Foul Ball, location: 2F 3-2: Strikes out looking
|
| Bottom of the 3rd over - 0 runs, 0 hits, 0 errors, 0 left on base; Detroit (APP) 1 - Pulaski 2 |
| TOP OF THE 4TH |
|
Detroit (APP) Tigers batting - Pitching for Pulaski Yankees : RHP Zack Young
|
|
Batting: RHB Nate Dabney
|
0-0: Ball 1-0: Fly out, F9 (Flyball, 9D, EV 85.0 MPH)
|
|
Batting: SHB Ronnie Lundy
|
0-0: Fly out, F8 (Flyball, 8RD, EV 98.1 MPH)
|
|
Batting: LHB Glen Boyle
|
0-0: Swinging Strike 0-1: Ball 1-1: Ball 2-1: Ground out 6-3 (Groundball, 6MD, EV 109.4 MPH)
|
| Top of the 4th over - 0 runs, 0 hits, 0 errors, 0 left on base; Detroit (APP) 1 - Pulaski 2 |
| BOTTOM OF THE 4TH |
|
Pulaski Yankees batting - Pitching for Detroit (APP) Tigers : RHP Kyle Moore
|
|
Batting: RHB Michael Patterson
|
0-0: Called Strike 0-1: Ball 1-1: Swinging Strike 1-2: Strikes out swinging
|
|
Batting: SHB Dylan Best
|
0-0: Foul Ball, location: 2F 0-1: Foul Ball, location: 2F 0-2: Foul Ball, location: 2F 0-2: Ball 1-2: Ball 2-2: Strikes out swinging
|
|
Batting: LHB Troy Jones
|
0-0: Swinging Strike 0-1: Called Strike 0-2: Ball 1-2: Foul Ball, location: 2F 1-2: Strikes out swinging
|
| Bottom of the 4th over - 0 runs, 0 hits, 0 errors, 0 left on base; Detroit (APP) 1 - Pulaski 2 |
| TOP OF THE 5TH |
|
Detroit (APP) Tigers batting - Pitching for Pulaski Yankees : RHP Zack Young
|
|
Batting: RHB George Sonier
|
0-0: Called Strike 0-1: Ball 1-1: Ball 2-1: Called Strike 2-2: Foul Ball, location: 2F 2-2: Ball 3-2: Foul Ball, location: 2F 3-2: Foul Ball, location: 2F 3-2: SOLO HOME RUN (Flyball, 89XD, EV 98.8 MPH), Distance : 399 ft
|
|
Batting: SHB Salvador Lacosta
|
0-0: Fly out, F8 (Flyball, 8LS, EV 91.2 MPH)
|
|
Batting: LHB Timotheus Young
|
0-0: Ball 1-0: Ball 2-0: Fly out, F8 (Flyball, 8LM, EV 96.2 MPH)
|
|
Batting: RHB Kevin Steed
|
0-0: Called Strike 0-1: Foul Ball, location: 2F 0-2: Ball 1-2: Foul Ball, location: 2F 1-2: Ball 2-2: Ball 3-2: Foul Ball, location: 2F 3-2: Base on Balls
|
|
Batting: RHB Ernst Meloche
|
0-0: Swinging Strike 0-1: Fly out, F9 (Flyball, 9S, EV 75.6 MPH)
|
| Top of the 5th over - 1 run, 1 hit, 0 errors, 1 left on base; Detroit (APP) 2 - Pulaski 2 |
| BOTTOM OF THE 5TH |
|
Pulaski Yankees batting - Pitching for Detroit (APP) Tigers : RHP Kyle Moore
|
|
Batting: RHB Victor Garcia
|
0-0: Called Strike 0-1: Ground out U3 (Groundball, 3L, EV 98.8 MPH)
|
|
Batting: RHB Mustafa bin Gamali
|
0-0: Called Strike 0-1: Swinging Strike 0-2: Ball 1-2: Foul Ball, location: 2F 1-2: Foul Ball, location: 2F 1-2: Ground out 4-3 (Groundball, P, EV 81.9 MPH)
|
|
Pitching: LHP Jim Belcher
|
|
|
Batting: RHB Ken Stair
|
0-0: Ground out 5-3 (Groundball, 56S, EV 78.8 MPH)
|
| Bottom of the 5th over - 0 runs, 0 hits, 0 errors, 0 left on base; Detroit (APP) 2 - Pulaski 2 |
| TOP OF THE 6TH |
|
Detroit (APP) Tigers batting - Pitching for Pulaski Yankees : RHP Zack Young
|
|
Batting: RHB Norm Wood
|
0-0: Ball 1-0: Swinging Strike 1-1: Ball 2-1: Ball 3-1: Foul Ball, location: 2F 3-2: Foul Ball, location: 2F 3-2: Foul Ball, location: 2F 3-2: Foul Ball, location: 2F 3-2: Ground out 4-3 (Groundball, 4, EV 86.2 MPH)
|
|
Batting: RHB Nate Dabney
|
0-0: Ball 1-0: Ground out 1-3 (Groundball, 13, EV 63.1 MPH)
|
|
Batting: SHB Ronnie Lundy
|
0-0: Ball 1-0: Ball 2-0: Swinging Strike 2-1: Ground out 6-3 (Groundball, 6, EV 87.5 MPH)
|
| Top of the 6th over - 0 runs, 0 hits, 0 errors, 0 left on base; Detroit (APP) 2 - Pulaski 2 |
| BOTTOM OF THE 6TH |
|
Pulaski Yankees batting - Pitching for Detroit (APP) Tigers : LHP Jim Belcher
|
|
Batting: LHB Justin Short
|
0-0: Fly out, F5 (Popup, 56, EV 69.4 MPH)
|
|
Batting: LHB Chris Viehman
|
0-0: TRIPLE (Line Drive, 89XD, EV 106.9 MPH)
|
|
Batting: RHB Yasuoka Tsuda
|
0-0: Ball 1-0: Ground out 6-3 (Groundball, 56, EV 91.9 MPH)
|
|
Batting: RHB Michael Patterson
|
0-0: Ball 1-0: Ground out 6-3 (Groundball, 6, EV 84.4 MPH)
|
| Bottom of the 6th over - 0 runs, 1 hit, 0 errors, 1 left on base; Detroit (APP) 2 - Pulaski 2 |
| TOP OF THE 7TH |
|
Detroit (APP) Tigers batting - Pitching for Pulaski Yankees : RHP Zack Young
|
|
Batting: LHB Glen Boyle
|
0-0: SOLO HOME RUN (Flyball, 9LD, EV 92.5 MPH), Distance : 345 ft
|
|
Batting: RHB George Sonier
|
0-0: Called Strike 0-1: Called Strike 0-2: Ball 1-2: Ball 2-2: Fly out, F9 (Flyball, 9, EV 73.8 MPH)
|
|
Batting: SHB Salvador Lacosta
|
0-0: Swinging Strike 0-1: Called Strike 0-2: Strikes out looking
|
|
Batting: LHB Timotheus Young
|
0-0: Ball 1-0: Foul Ball, location: 2F 1-1: Ground out 6-3 (Groundball, 6, EV 83.8 MPH)
|
| Top of the 7th over - 1 run, 1 hit, 0 errors, 0 left on base; Detroit (APP) 3 - Pulaski 2 |
| BOTTOM OF THE 7TH |
|
Pulaski Yankees batting - Pitching for Detroit (APP) Tigers : LHP Jim Belcher
|
|
Batting: SHB Dylan Best
|
0-0: Called Strike 0-1: Called Strike 0-2: Foul Ball, location: 2F 0-2: Fly out, F9 (Line Drive, 89S, EV 101.9 MPH)
|
|
Pinch Hitting: LHB Carlos Palau
|
0-0: Swinging Strike 0-1: Ball 1-1: Ball 2-1: Ball 3-1: Ground out 5-3 (Groundball, 6, EV 77.5 MPH)
|
|
Batting: RHB Victor Garcia
|
0-0: Ground out 6-3 (Groundball, 6, EV 105.6 MPH)
|
| Bottom of the 7th over - 0 runs, 0 hits, 0 errors, 0 left on base; Detroit (APP) 3 - Pulaski 2 |
| TOP OF THE 8TH |
|
Detroit (APP) Tigers batting - Pitching for Pulaski Yankees : RHP Zack Young
|
|
Now in CF: Carlos Palau
|
|
|
Batting: RHB Kevin Steed
|
0-0: Called Strike 0-1: Ball 1-1: Fly out, F3 (Line Drive, 3, EV 68.1 MPH)
|
|
Batting: RHB Ernst Meloche
|
0-0: Foul Ball, location: 2F 0-1: Swinging Strike 0-2: Ball 1-2: SINGLE (Groundball, 6MD, EV 102.5 MPH)
|
|
Pitching: RHP Frank Medrano
|
|
|
Batting: RHB Norm Wood
|
0-0: Called Strike 0-1: Foul Ball, location: 2F 0-2: Fly out, F8 (Flyball, 89M, EV 75.0 MPH)
|
|
Batting: RHB Nate Dabney
|
0-0: Called Strike 0-1: Ball 1-1: SINGLE (Groundball, 6MD, EV 103.1 MPH) Ernst Meloche to second
|
|
Batting: SHB Ronnie Lundy
|
0-0: Ball 1-0: Called Strike 1-1: Ball 2-1: Ball 3-1: Called Strike 3-2: SINGLE (Flyball, 5D, EV 97.5 MPH) Ernst Meloche to third Nate Dabney to second Ernst Meloche scores Nate Dabney to third
|
|
Batting: LHB Glen Boyle
|
0-0: Ball 1-0: Ball 2-0: Called Strike 2-1: Foul Ball, location: 2F 2-2: Strikes out swinging
|
| Top of the 8th over - 1 run, 3 hits, 0 errors, 2 left on base; Detroit (APP) 4 - Pulaski 2 |
| BOTTOM OF THE 8TH |
|
Pulaski Yankees batting - Pitching for Detroit (APP) Tigers : LHP Jim Belcher
|
|
Batting: RHB Mustafa bin Gamali
|
0-0: Ball 1-0: Ball 2-0: Called Strike 2-1: Foul Ball, location: 2F 2-2: Strikes out swinging
|
|
Batting: RHB Ken Stair
|
0-0: Ball 1-0: Called Strike 1-1: Foul Ball, location: 2F 1-2: Fly out, F9 (Line Drive, 9D, EV 97.5 MPH)
|
|
Batting: LHB Justin Short
|
0-0: Called Strike 0-1: Ball 1-1: Foul Ball, location: 2F 1-2: Ground out 4-3 (Groundball, 4, EV 106.2 MPH)
|
| Bottom of the 8th over - 0 runs, 0 hits, 0 errors, 0 left on base; Detroit (APP) 4 - Pulaski 2 |
| TOP OF THE 9TH |
|
Detroit (APP) Tigers batting - Pitching for Pulaski Yankees : RHP Frank Medrano
|
|
Pitching: RHP Matt Elliott
|
|
|
Batting: RHB George Sonier
|
0-0: Ball 1-0: Ground out 5-3 (Groundball, 56, EV 83.1 MPH)
|
|
Batting: SHB Salvador Lacosta
|
0-0: Ground out 4-3 (Groundball, 4, EV 92.5 MPH)
|
|
Batting: LHB Timotheus Young
|
0-0: Ball 1-0: Called Strike 1-1: Called Strike 1-2: Ball 2-2: Foul Ball, location: 2F 2-2: Foul Ball, location: 2F 2-2: Strikes out swinging
|
| Top of the 9th over - 0 runs, 0 hits, 0 errors, 0 left on base; Detroit (APP) 4 - Pulaski 2 |
| BOTTOM OF THE 9TH |
|
Pulaski Yankees batting - Pitching for Detroit (APP) Tigers : LHP Jim Belcher
|
|
Now in LF: Isao Fukui
|
|
|
Now in RF: Seth Fox
|
|
|
Batting: LHB Chris Viehman
|
0-0: Called Strike 0-1: Ball 1-1: DOUBLE (Line Drive, 89D, EV 105.0 MPH)
|
|
Batting: RHB Yasuoka Tsuda
|
0-0: Called Strike 0-1: Swinging Strike 0-2: Strikes out swinging
|
|
Batting: RHB Michael Patterson
|
0-0: Ball 1-0: Ball 2-0: Called Strike 2-1: Fly out, F7 (Flyball, 7D, EV 95.6 MPH) Runner from 2nd tags up, SAFE at 3rd, no throw by LF
|
|
Pinch Hitting: RHB Paul Ngumi
|
0-0: Swinging Strike 0-1: Ball 1-1: Swinging Strike 1-2: Ball 2-2: Strikes out looking
|
| Bottom of the 9th over - 0 runs, 1 hit, 0 errors, 1 left on base; Detroit (APP) 4 - Pulaski 2 |
|